cohdb
Replays
Latest Replays
All Replays
Popular Replays
Top Player Replays
Match Explorer
How It Works
Community
CoH3 Stats
Reddit
Sign in to upload your games and track your stats! →
Sign in with Steam
Match 41790907
Unlisted
Match 41790907
Overview
Messages
Build Orders
End
Royal Engineer Section
Construct Section Command Post
Dingo Light Scout Car
Infantry Section
Infantry Section
Infantry Section
Construct Platoon Command Post
Humber Armored Car
Grenade Package
6-pounder Anti-tank Gun Team
Construct Field Infirmary
BIOHAZARD
JBQuib
0
0
Comments
sign in to comment!
No comments posted yet!